 Dungeon Crawl Stone Soup version 0.24.0-10-g970556be89 (webtiles) character file.

Game seed: 17112967923389108861, levelgen mode: deterministic

238 theswoord the Slasher (level 5, -5/38 HPs)
             Began as a Demonspawn Gladiator on Nov 3, 2019.
             Killed by nerve-wracking pain
             ... invoked by an orc priest
              (6 damage)
             ... on level 4 of the Dungeon.
             The game lasted 00:03:49 (2663 turns).

theswoord the Slasher (Demonspawn Gladiator)        Turns: 2663, Time: 00:03:49

Health: -5/38      AC:  5    Str: 15    XL:     5   Next: 78%
Magic:  5/5        EV: 17    Int:  9    God:
Gold:   194        SH:  0    Dex: 20    Spells: 4/4 levels left

rFire    . . .     SeeInvis .   a - +1 long sword
rCold    . . .     Gourm    .   (no shield)
rNeg     . . .     Faith    .   j - +0 ring mail
rPois    .         Spirit   .   (helmet restricted)
rElec    .         Reflect  .   (no cloak)
rCorr    .         Harm     .   (no gloves)
MR       .....                  (no boots)
Stlth    ++........             (no amulet)
HPRegen  0.12/turn              (no ring)
MPRegen  0.09/turn              (no ring)

@: agile, flying
A: antennae 1, spiny 1
a: no special abilities


You were on level 4 of the Dungeon.
You were hungry.

You visited 1 branch of the dungeon, and saw 4 of its levels.

You collected 194 gold pieces.

Inventory:

Hand Weapons
 a - a +1 long sword (weapon)
Missiles
 d - 3 throwing nets (quivered)
Armour
 b - a +0 leather armour
 c - a +1 helmet
 j - a +0 ring mail (worn)
 o - a +0 cloak
 p - a +0 pair of boots
 q - a +0 pair of gloves
Wands
 k - a wand of digging (5)
 m - a wand of iceblast (7)
Scrolls
 e - 3 scrolls of enchant armour
 g - a scroll of fog
Potions
 n - a potion of curing
Comestibles
 f - 3 rations


   Skills:
 - Level 2.0 Fighting
 + Level 6.0 Long Blades
 - Level 1.7 Throwing
 - Level 2.6 Dodging


You had 4 spell levels left.
You didn't know any spells.
Your spell library was empty.

Dungeon Overview and Level Annotations

Branches:
Dungeon (4/15)
 Temple: D:4-7

Altars:
Vehumet


Innate Abilities, Weirdness & Mutations

You have a pair of small antennae on your head.
You are partially covered in sharp spines.


Message History

* * * LOW HITPOINT WARNING * * *
It was a potion of flight.
You feel very buoyant.
You fly up into the air.
The orc wizard misses you.
The orc priest calls down the wrath of Beogh upon you.
Pain shoots through your body!
* * * LOW HITPOINT WARNING * * *
Unknown command.
Sorry, you're not good enough to have a special ability.
It was a potion of agility.
You feel agile all of a sudden.
The orc wizard hits you with a +0 dagger.
* * * LOW HITPOINT WARNING * * *
The orc priest calls upon Beogh to heal the orc wizard.
The orc wizard's wounds heal themselves!
You barely miss the orc priest. The orc wizard closely misses you.
You riposte.
Your ring mail prevents you from hitting the orc wizard.
The orc priest calls down the wrath of Beogh upon you.
Pain shoots through your body!
You die...

######## #......######
######...........##
............####..#
#..........# ##.#
..####.##### #.## #####
####..# ###...
......##oo..## #.....
......[)@###########<####
......###............# #
......###.############
..........# ###
.......#### ######..
...... #####....(.# .....
##.....###### ### #
###..##### #.#...##


You could see an orc priest and an orc wizard.

Vanquished Creatures
  A water moccasin skeleton (D:4)
  Crazy Yiuf (D:3)
  2 worker ants (D:4)
  4 adders
  An ooze (D:3)
  A leopard gecko (D:1)
  7 orcs
  4 giant cockroaches
  3 goblins
  9 hobgoblins
  8 kobolds
  2 quokkas
  2 ball pythons
  6 bats
  4 frilled lizards
  12 rats
67 creatures vanquished.

Vanquished Creatures (others)
  3 plants (D:4)
3 creatures vanquished.

Grand Total: 70 creatures vanquished

Notes
Turn   | Place    | Note
-------+----------+-------------------------------------------
     0 | D:1      | theswoord the Demonspawn Gladiator began the quest for the
                  | Orb.
     0 | D:1      | Reached XP level 1. HP: 16/16 MP: 1/1
   119 | D:1      | Reached skill level 3 in Long Blades
   179 | D:1      | Gained mutation: You are partially covered in sharp spines.
                  | [demonic ancestry]
   179 | D:1      | Reached XP level 2. HP: 19/22 MP: 2/2
   811 | D:2      | Reached XP level 3. HP: 22/27 MP: 3/3
   858 | D:2      | Reached skill level 4 in Long Blades
  1052 | D:2      | You fall into a shaft and drop 2 floors!
  1192 | D:3      | Found a faded altar of an unknown god.
  1299 | D:3      | Reached XP level 4. HP: 14/33 MP: 4/4
  1746 | D:3      | Found a runed translucent door.
  1747 | D:3      | Noticed Crazy Yiuf
  1826 | D:3      | Found a radiant altar of Vehumet.
  1959 | D:3      | Killed Crazy Yiuf
  1959 | D:3      | Reached skill level 5 in Long Blades
  2111 | D:4      | Gained mutation: You have a pair of small antennae on your
                  | head. [demonic ancestry]
  2111 | D:4      | Reached XP level 5. HP: 36/38 MP: 5/5
  2384 | D:4      | Reached skill level 6 in Long Blades
  2662 | D:4      | HP: 1/38 [orc wizard/+0 dagger (2)]
  2663 | D:4      | Killed from afar by an orc priest

Skill      XL: |  1  2  3  4  5 |
---------------+----------------+-----
Long Blades    | 3 4 5 6 |  6.0
Fighting       | |  2.0
Throwing       | |  1.7
Dodging        | |  2.6

Action                   |  1- 3 |  4- 6 || total
-------------------------+-------+-------++-------
Melee: Long sword        |    77 |    81 ||   158
  Use: Scroll            |     4 |     4 ||     8
       Potion            |       |     4 ||     4
  Eat: Chunk             |     1 |     4 ||     5
Armor: Leather armour    |     6 |       ||     6
       Ring mail         |    14 |    23 ||    37
Dodge: Dodged            |    56 |    52 ||   108
       Rpst.: Long sword |    18 |    20 ||    38

Levels and vault maps discovered:
D:1:      minmay_arrival_checkered_box, layout_basic
D:2:      layout_basic
D:3:      layout_basic, lemuel_round_altar, chequers_ecumenical_altar_island,
          uniq_crazy_yiuf_cottage
D:4:      layout_rooms, temple_doors_e, gammafunk_ghost_gnarly_gnolls
